 Dungeon Crawl Stone Soup version 0.28.0 (webtiles) character file.

Game seed: 10676776729174453119

2 croobank the Grasshopper (level 1, 0/10 HPs)
             Began as a Spriggan Warper on Feb 10, 2022.
             Slain by a rat (3 damage)
             ... on level 1 of the Dungeon.
             The game lasted 00:00:30 (145 turns).

croobank the Grasshopper (Spriggan Warper)           Turns: 145, Time: 00:00:31

Health: 0/10       AC:  2    Str:  7    XL:     1   Next: 25%
Magic:  5/5        EV: 17    Int: 14    God:
Gold:   18         SH:  0    Dex: 14    Spells: 5/5 levels left

rFire   . . .      SeeInvis +   a - +0 short sword
rCold   . . .      Faith    .   (no shield)
rNeg    . . .      Spirit   .   b - +0 robe
rPois   .          Reflect  .   (helmet restricted)
rElec   .          Harm     .   (no cloak)
rCorr   .          Rampage  .   (gloves unavailable)
Will    .....                   (boots unavailable)
Stlth   +.........              (no amulet)
HPRegen 0.03/turn               (no ring)
MPRegen 0.09/turn               (no ring)

@: very quick
A: very small, no large weapons, unfitting armour, see invisible, speed 3
a: no special abilities


You were on level 1 of the Dungeon.
You visited 1 branch of the dungeon, and saw 1 of its levels.

You collected 18 gold pieces.

Inventory:

Hand Weapons
 a - a +0 short sword (weapon)
Missiles
 e - 38 stones (quivered)
 f - 25 sling bullets
Armour
 b - a +0 robe (worn)
Scrolls
 c - a scroll of blinking


   Skills:
 + Level 1.5 Fighting
 + Level 2.2 Short Blades
 + Level 1.0 Throwing
 + Level 3.2 Dodging
 + Level 2.7 Spellcasting
 + Level 4.5 Translocations


You had 5 spell levels left.
You didn't know any spells.
Your spell library contained the following spells:

 Spells                   Type           Power      Damage    Failure   Level
 Blink                    Tloc           28%        N/A       5%          2
 Gell's Gravitas          Tloc           14%        N/A       11%         3
 Lesser Beckoning         Tloc           14%        N/A       11%         3
 Teleport Other           Tloc           14%        N/A       11%         3
 Manifold Assault         Tloc           14%        N/A       67%         5


Dungeon Overview and Level Annotations

Branches:
Dungeon (1/15)

Altars:


Innate Abilities, Weirdness & Mutations

You are very small and have problems with some larger weapons.
You are too small for most types of armour.
You have supernaturally acute eyesight. (SInv)
You cover ground extremely quickly. (Speed+++)


Message History

Throw: 4 boomerangs (disperse)
Press: ? - help, Q - select action, (/) - cycle Shift-Dir - straight line, f - rat
Aim: a rat (57% to hit)
You throw a boomerang of dispersal.
The boomerang of dispersal barely misses the rat.
Unknown command.
Throw: 3 boomerangs (disperse)
Press: ? - help, Q - select action, (/) - cycle Shift-Dir - straight line, f/p - rat
Aim: a rat (57% to hit)
You throw a boomerang of dispersal.
The boomerang of dispersal hits the rat.
The rat blinks!
The rat is moderately wounded.
The endoplasm quivers.
Throw: 2 boomerangs (disperse)
Press: ? - help, Q - select action, (/) - cycle Shift-Dir - straight line, f/p - rat
Aim: a rat (moderately wounded, 57% to hit)
You throw a boomerang of dispersal.
The boomerang of dispersal hits the endoplasm but does no damage.
Unknown command.
Throw: boomerang (disperse)
Press: ? - help, Q - select action, (/) - cycle Shift-Dir - straight line, f/p - rat
Aim: a rat (57% to hit)
You throw a boomerang of dispersal.
The boomerang of dispersal hits the endoplasm but does no damage.
The endoplasm barely misses you.
You hit the endoplasm.
The endoplasm is severely wounded.
The endoplasm freezes you.
You are frozen.
You hit the endoplasm but do no damage.
The endoplasm is severely wounded.
The endoplasm freezes you.
You are frozen.
Ouch! That really hurt!
* * * LOW HITPOINT WARNING * * *
You hit the endoplasm.
You kill the endoplasm!
You barely miss the rat. The rat bites you.
You die...

#§§##.### #.# ###.######.#
#..#.## #.# #.......##.#
##.##.## #.## #.#.###....##
#...#..# #..###.#.###.....#
##..#.#..## ###...#....##.......
#.##.####.##..#..#..............
##.##.#.≈≈..§.#.................
#..#.###.#..#.#.##.....#........
#.###≈.#.#§≈.##@###...###.......
#..#.##.#§# #r# ##.## ##.....#
#...#..##.# #.. ### ##...##
#########.# #... ####.##
#.........# ..... ##.##.#
##.##...#.## ......####...#.#
...........+ ......+........#
##..#...#.## .......####...#.#
#..##.##.# ##.##.#


You could see a rat.

Vanquished Creatures
  An endoplasm (D:1)
  A bat (D:1)
2 creatures vanquished.

Notes
Turn   | Place    | Note
-------+----------+-------------------------------------------
     0 | D:1      | croobank the Spriggan Warper began the quest for the Orb.
     0 | D:1      | Reached XP level 1. HP: 10/10 MP: 5/5
   145 | D:1      | Slain by a rat

Illustrated notes

Levels and vault maps discovered:
D:1:      dpeg_arrival_brainrot, layout_loops_corners,
          shapermc_ecumenical_altar_starsandcircs

Action                   || total
-------------------------++-------
Melee: Short sword       ||     4
Throw: Boomerang         ||     5
Dodge: Dodged            ||     1
